 Dungeon Crawl Stone Soup version 0.29.1-15-g9cfb28693d (webtiles) character file.

Game seed: 6261064631409630358

68 Descartes the Firebug (level 4, -6/27 HPs)
             Began as an Octopode Fire Elementalist on Apr 4, 2023.
             Mangled by Crazy Yiuf
             ... wielding a +2 quarterstaff of chaos
              (18 damage)
             ... on level 2 of the Dungeon.
             The game lasted 00:04:04 (2337 turns).

Descartes the Firebug (Octopode Fire Elementalist)  Turns: 2337, Time: 00:04:05

Health: -6/27      AC:  1    Str:  7    XL:     4   Next: 19%
Magic:  6/7        EV: 13    Int: 19    God:
Gold:   107        SH:  0    Dex: 12    Spells: 6/7 levels left

rFire   . . .      SeeInvis .   (no weapon)
rCold   . . .      Faith    .   (no shield)
rNeg    + . .      Spirit   .   (helmet restricted)
rPois   .          Reflect  .   (no amulet)
rElec   .          Harm     .   b - ring of positive energy
rCorr   .          Rampage  .   (no ring)
Will    .....                   (no ring)
Stlth   +++.......              (no ring)
HPRegen 0.09/turn               (no ring)
MPRegen 0.10/turn               (no ring)
                                (no ring)
                                (no ring)

@: no status effects
A: almost no armour, amphibious, 8 rings, camouflage 1, gelatinous body 1,
(nimble swimmer 1), tentacles
a: no special abilities


You were on level 2 of the Dungeon.
You visited 1 branch of the dungeon, and saw 2 of its levels.

You collected 107 gold pieces.

Inventory:

Missiles
 h - 6 atropa-tipped darts
Jewellery
 b - a ring of positive energy (left tentacle)
Scrolls
 c - 3 scrolls of identify {unknown}
 e - 2 scrolls of brand weapon {unknown}
 g - 3 scrolls of teleportation {unknown}
 i - 2 scrolls of noise {unknown}
 j - 2 scrolls of amnesia {unknown}
 l - 3 scrolls of poison {unknown}
Potions
 a - a potion of magic
 d - 2 potions of flight {unknown}
 f - 2 potions of attraction {unknown}
 k - a potion of curing {unknown}
 m - a potion of brilliance {unknown}
 n - a potion of heal wounds {unknown}


   Skills:
 - Level 2.0 Dodging
 - Level 2.6 Stealth
 - Level 2.0 Spellcasting
 - Level 1.0 Conjurations
 + Level 4.9 Fire Magic


You had 6 spell levels left.
You knew the following spells:

 Your Spells              Type           Power      Damage    Failure   Level
a - Foxfire               Conj/Fire      52%        2x1d6     4%          1

Your spell library contained the following spells:

 Spells                   Type           Power      Damage    Failure   Level
 Scorch                   Fire           40%        2d7       3%          2
 Conjure Flame            Conj/Fire      13%        6-21      16%         3
 Sting                    Tmut/Pois      4%         1d3       17%         1
 Inner Flame              Hex/Fire       11%        N/A       19%         3
 Poisonous Vapours        Pois/Air       2%         N/A       26%         2
 Flame Wave               Conj/Fire      13%        2d6       45%         4
 Olgreb's Toxic Radiance  Pois           1%         N/A       86%         4


Dungeon Overview and Level Annotations

Branches:
Dungeon (2/15)

Altars:

Annotations:
D:2 Crazy Yiuf


Innate Abilities, Weirdness & Mutations

You cannot wear most types of armour.
You are amphibious.
You can wear up to eight rings at the same time.
Your skin changes colour to match your surroundings (Stealth+).
Your rubbery body absorbs attacks. (AC +1, EV +1)
((You are camouflaged when in or above water. (Stealth+)))
You have tentacles for arms and can constrict up to eight enemies at once.


Message History

You see here a +0 chain mail.
You see here a +0 ring mail.
There is a stone staircase leading down here.
An endoplasm is nearby!
Casting: Foxfire (safe; 4% risk of failure)
Confirm with . or Enter, or press ? or * to list all spells.
You conjure some foxfire!
The endoplasm quivers.
Casting: Foxfire (safe; 4% risk of failure)
Confirm with . or Enter, or press ? or * to list all spells.
You conjure some foxfire!
The foxfire hits the endoplasm but does no damage.
Casting: Foxfire (safe; 4% risk of failure)
Confirm with . or Enter, or press ? or * to list all spells.
You conjure some foxfire!
The foxfire hits the endoplasm.
The endoplasm is heavily wounded.
The foxfire hits the endoplasm.
You kill the endoplasm!
Your foxfire dissipates!
Unknown command.
Casting: Foxfire (safe; 4% risk of failure)
Confirm with . or Enter, or press ? or * to list all spells.
You conjure some foxfire!
Unknown command.
Your foxfire dissipates! x2
Your foxfire dissipates!
Your foxfire dissipates!
There is a stone staircase leading up here.
You open the door.
There is an open translucent door here.
The helpless Crazy Yiuf fails to defend himself.
You tentacle-slap Crazy Yiuf but do no damage.
Your grab misses Crazy Yiuf.
Crazy Yiuf hits you with a +2 quarterstaff of chaos!
Crazy Yiuf burns you.
Casting: Foxfire (safe; 4% risk of failure)
Confirm with . or Enter, or press ? or * to list all spells.
You conjure some foxfire!
Crazy Yiuf hits you with a +2 quarterstaff of chaos!!
Ouch! That really hurt!
You die...

........)........................
.....#.###.......###.#.....#.....
.....#.###.......# #.#.....#..###
............###### #########..#
........##..# #..# <....#..##..#
#..### .....#..##..# #####
####..... .....#..##..# #)..###
##........ ######......#
#g@v'.####......### # #..##..#
#..v##..#.......... # #..##..#
########.#......### ######..##..#
#######..# ............# #..###
#######.##.######## #### #.....
#.##.#......# #..####..###
#.##[#.#..######........#
#.##.#..................#


You could see Crazy Yiuf (ally target).

Vanquished Creatures
  An adder (D:2)
  2 dart slugs (D:2)
  2 bats (D:1)
  9 endoplasms
  5 giant cockroaches
  8 goblins
  5 hobgoblins
  3 kobolds
  A quokka (D:1)
  3 ball pythons
  3 frilled lizards (D:1)
  8 rats
50 creatures vanquished.

Vanquished Creatures (others)
  177 foxfires
177 creatures vanquished.

Grand Total: 227 creatures vanquished

Notes
Turn   | Place    | Note
-------+----------+-------------------------------------------
     0 | D:1      | Descartes the Octopode Fire Elementalist began the quest
                  | for the Orb.
     0 | D:1      | Reached XP level 1. HP: 11/11 MP: 3/3
   215 | D:1      | Reached XP level 2. HP: 17/17 MP: 0/5
   451 | D:1      | Found a faded altar of an unknown god.
   534 | D:1      | Reached skill level 4 in Fire Magic
   635 | D:1      | Reached XP level 3. HP: 21/21 MP: 0/6
  1274 | D:2      | Found a runed translucent door.
  1275 | D:2      | Noticed Crazy Yiuf
  1734 | D:2      | Reached XP level 4. HP: 27/27 MP: 3/7
  2337 | D:2      | Mangled by Crazy Yiuf

Illustrated notes

Levels and vault maps discovered:
D:1:      dpeg_arrival_lava_temple_mockup, layout_rooms,
          hellmonk_ecumenical_altar_run_dry
D:2:      minmay_recursive_quarters, layout_basic, uniq_crazy_yiuf_cottage

Skill      XL: |  1  2 |
---------------+-------+-----
Fire Magic     | 4 |  4.9
Dodging        | |  2.0
Stealth        | |  2.6
Spellcasting   | |  2.0
Conjurations   | |  1.0

Action                   |  1- 3 |  4- 6 || total
-------------------------+-------+-------++-------
Melee: Unarmed           |    11 |     2 ||    13
       Tentacles         |     4 |       ||     4
       Constrict         |     3 |       ||     3
 Cast: Foxfire           |    78 |    21 ||    99
 Stab: Sleeping          |     1 |     1 ||     2
Armor: Skin              |     1 |       ||     1
Dodge: Dodged            |    11 |       ||    11
